 Dungeon Sprint DCSS version 0.31-a0-835-g2a3a5bc3be (webtiles) character file.

Game seed: 10902302894334856405

617 Conn the Arsonist (level 7, -6/41 HPs)
             Began as an Octopode Fire Elementalist on Sept 26, 2023.
             Was an Elder of Sif Muna.
             Mangled by a sun demon (27 damage)
             ... summoned by an orc high priest
             ... in the Dungeon (Sprint VII: "The Pits").
             The game lasted 00:02:29 (563 turns).

Conn the Arsonist (Octopode Fire Elementalist)       Turns: 563, Time: 00:02:38

Health: -6/41      AC:  1    Str:  7    XL:     7   Next: 45%
Magic:  9/17       EV: 14    Int: 20    God:    Sif Muna [****..]
Gold:   0          SH:  0    Dex: 12    Spells: 10/20 levels left

rFire   . . .        g - +2 dagger (venom)
rCold   . . .        (no shield)
rNeg    . . .        (helmet restricted)
rPois   .            (no amulet)
rElec   .            (no ring)
rCorr   .            (no ring)
SInv    .            (no ring)
Will    .....        (no ring)
Stlth   ++++         (no ring)
HPRegen 0.26/turn    (no ring)
MPRegen 0.15/turn    (no ring)
                     (no ring)

%: no teleportation
@: lethally poisoned (-6 -> -28)
A: almost no armour, amphibious, 8 rings, camouflage 1, gelatinous body 1,
(nimble swimmer 1), tentacles
a: Renounce Religion, Channel Magic, Forget Spell, Divine Exegesis


You were in the Dungeon.
You worshipped Sif Muna.
Sif Muna was greatly pleased with you.
You visited 1 branch

Inventory:

Hand Weapons
 g - a +2 dagger of venom (weapon)
 l - a +0 flail of protection
Scrolls
 f - a scroll of blinking
 i - 2 scrolls of vulnerability
 j - 5 scrolls of amnesia
 k - a scroll of butterflies
Potions
 a - 5 potions of magic
 b - 6 potions of curing
 c - 6 potions of heal wounds
 d - a potion of haste
 e - 3 potions of berserk rage
 h - 2 potions of invisibility


   Skills:
 + Level 0.3 Fighting
 + Level 5.0 Dodging
 - Level 6.0 Stealth
 + Level 7.3 Spellcasting
 * Level 6.4 Conjurations
 - Level 3.0 Hexes
 + Level 9.1 Fire Magic
 * Level 5.2 Invocations


You had 10 spell levels left.
You knew the following spells:

 Your Spells              Type           Power      Damage    Failure   Level
a - Foxfire               Conj/Fire      100%       2x1d9     1%          1
b - Scorch                Fire           86%        2d8       1%          2
c - Inner Flame           Hex/Fire       31%        N/A       2%          3
d - Flame Wave            Conj/Fire      38%        2d10      3%          4

Your spell library contained the following spells:

 Spells                   Type           Power      Damage    Failure   Level
 Volatile Blastmotes      Fire/Tloc      50%        2d14      4%          3


Dungeon Overview and Level Annotations

Branches:
Dungeon (1/1)

Altars:
Ashenzari
Cheibriados
Dithmenos
Elyvilon
Fedhas
Gozag
Hepliaklqana
Kikubaaqudgha
Makhleb
Nemelex Xobeh
Okawaru
Qazlal
Ru
Sif Muna
Trog
Uskayaw
Vehumet
Wu Jian
Xom
Yredelemnul
Zin
The Shining One
Jiyva
Lugonu


Innate Abilities, Weirdness & Mutations

You cannot wear most types of armour.
You are amphibious.
You can wear up to eight rings at the same time.
Your skin changes colour to match your surroundings (Stealth+).
Your rubbery body absorbs attacks. (AC +1, EV +1)
((You are camouflaged when in or above water. (Stealth+)))
You have tentacles for arms and can constrict up to eight enemies at once.


Message History

You constrict the orc high priest.
The orc high priest hits you with a +0 scimitar.
Casting: Scorch (safe; 1% risk of failure)
Confirm with . or Enter, or press ? or * to list all spells.
Casting: Flame Wave (dangerous; 3% risk of failure)
Press: ? - help, Dir - look around, f - activate A wave of flame ripples out!
The flame wave engulfs the orc high priest!
The orc high priest is burned terribly!
The orc high priest is heavily wounded. (Press . to intensify the flame waves.)
You constrict the orc high priest.
The orc high priest mumbles some strange prayers to Beogh.
A wave of flame ripples out!
The flame wave engulfs the red devil.
The red devil completely resists.
The flame wave engulfs the orc high priest!
The orc high priest is burned terribly!
The orc high priest is heavily wounded.
The flame wave engulfs the orange demon.
The orange demon is lightly wounded.
You constrict the orc high priest.
The orc high priest utters an invocation to Beogh.
The red devil closely misses you. The orange demon stings you from afar.
You are poisoned.
The orange demon poisons you!
Unknown command.
A wave of flame ripples out!
The flame wave engulfs the sun demon.
The sun demon completely resists.
The flame wave engulfs the red devil.
The red devil completely resists.
The flame wave engulfs the orc high priest!
The orc high priest is burned terribly!
The orc high priest is severely wounded.
The flame wave engulfs the orange demon!
The orange demon is moderately wounded.
You finish channelling waves of flame.
You constrict the orc high priest.
You feel extremely sick.
The orc high priest hits you with a +0 scimitar!
The sun demon hits you!!
Ouch! That really hurt!
You die...

#.#...)))[.##.......#
#'###########.......#
#.......# #########
#..#.#..# #.##.##.#
#.......#+#
#.##.##.#4+
#..#.#..#o#
#......3@4#
###########


You could see an orc high priest (very poisoned, combustible), a sun demon
(summoned), an orange demon (summoned) and a red devil (summoned).

Vanquished Creatures
  A warg (D)
  2 floating eyes (D)
  A black bear (D)
  A wolf (D)
  A scorpion (D)
  A hound (D)
  2 river rats (D)
  A white imp (D)
  An orc (D)
  A giant cockroach (D)
  7 jackals (D)
  A ball python skeleton (D)
  A ball python zombie (D)
  A bat (D)
22 creatures vanquished.

Vanquished Creatures (others)
  17 foxfires (D)
17 creatures vanquished.

Grand Total: 39 creatures vanquished

Notes
Turn   | Place    | Note
-------+----------+-------------------------------------------
     0 | D        | Conn the Octopode Fire Elementalist began the quest for the
                  | Orb.
     0 | D        | Reached XP level 1. HP: 11/11 MP: 3/3
    56 | D        | Found a bloodstained altar of Trog.
    56 | D        | Found a shimmering blue altar of Sif Muna.
    56 | D        | Found a viscous altar of Jiyva.
    56 | D        | Found a hazy altar of Hepliaklqana.
    56 | D        | Found an opulent altar of Gozag.
    57 | D        | Found a glowing golden altar of the Shining One.
    57 | D        | Found a glowing silver altar of Zin.
    57 | D        | Found a basalt altar of Yredelemnul.
    57 | D        | Found a shimmering altar of Xom.
    57 | D        | Found an ornate altar of the Wu Jian Council.
    57 | D        | Found a sacrificial altar of Ru.
    57 | D        | Found a stormy altar of Qazlal.
    57 | D        | Found an iron altar of Okawaru.
    57 | D        | Found a sparkling altar of Nemelex Xobeh.
    57 | D        | Found a burning altar of Makhleb.
    57 | D        | Found a blossoming altar of Fedhas.
    57 | D        | Found a white marble altar of Elyvilon.
    57 | D        | Found a shadowy altar of Dithmenos.
    57 | D        | Found a snail-covered altar of Cheibriados.
    59 | D        | Found a corrupted altar of Lugonu.
    59 | D        | Found a radiant altar of Vehumet.
    60 | D        | Found an ancient bone altar of Kikubaaqudgha.
    60 | D        | Found a hide-covered altar of Uskayaw.
    60 | D        | Found a broken altar of Ashenzari.
    63 | D        | Became a worshipper of Sif Muna the Loreminder
    87 | D        | Noticed a floating eye
    89 | D        | Killed a floating eye
    90 | D        | Reached skill level 6 in Fire Magic
    90 | D        | Reached XP level 2. HP: 17/17 MP: 4/7
    90 | D        | Reached XP level 3. HP: 21/21 MP: 5/9
    90 | D        | Reached XP level 4. HP: 27/27 MP: 5/10
    91 | D        | Reached * piety under Sif Muna
    93 | D        | Noticed a scorpion
    96 | D        | Reached skill level 5 in Spellcasting
    99 | D        | Killed a scorpion
    99 | D        | Reached ** piety under Sif Muna
   100 | D        | Reached skill level 5 in Stealth
   100 | D        | Reached XP level 5. HP: 23/31 MP: 7/13
   104 | D        | Reached skill level 7 in Fire Magic
   108 | D        | Reached *** piety under Sif Muna
   201 | D        | Learned a level 2 spell: Scorch
   205 | D        | Learned a level 3 spell: Inner Flame
   210 | D        | Learned a level 4 spell: Flame Wave
   218 | D        | Noticed a black bear
   227 | D        | Killed a black bear
   227 | D        | Reached **** piety under Sif Muna
   228 | D        | Reached XP level 6. HP: 36/36 MP: 1/15
   338 | D        | Reached skill level 5 in Conjurations
   338 | D        | Reached skill level 8 in Fire Magic
   383 | D        | Noticed a floating eye
   385 | D        | Killed a floating eye
   386 | D        | Reached XP level 7. HP: 41/41 MP: 10/17
   508 | D        | Noticed a warg
   513 | D        | Killed a warg
   514 | D        | Reached skill level 5 in Dodging
   514 | D        | Reached skill level 9 in Fire Magic
   514 | D        | Reached skill level 5 in Invocations
   558 | D        | Noticed an orc high priest
   562 | D        | Noticed a red devil
   562 | D        | Noticed an orange demon
   563 | D        | Noticed a sun demon
   563 | D        | Mangled by a sun demon

Illustrated notes

Levels and vault maps discovered:
D:        pitsprint [storerooms_1, entrance_room_1, metal_vault_1, armoury_2,
          mini_pit_1, grid_room_1, main_hall_1, silver_pit, the_coven_1,
          the_vestibule_1, steel_vault_3, golden_pit, hallway_of_sentries,
          crystal_vault_2, iron_vault_2, final_vault]

Skill      XL: |  1  2  3  4  5  6  7 |
---------------+----------------------+-----
Stealth        | 4 5 6 |  6.0
Dodging        | 3 4 5 |  5.0
Spellcasting   | 4 5 6 7 |  7.3
Conjurations   | 3 4 5 6 |  6.4
Fire Magic     | 6 7 8 9 |  9.1
Hexes          | 2 3 |  3.0
Invocations    | 2 4 5 |  5.2
Fighting       | |  0.3

Action                     |  1- 3 |  4- 6 |  7- 9 || total
---------------------------+-------+-------+-------++-------
  Melee: Unarmed           |     5 |       |       ||     5
         Tentacles         |     3 |     4 |     1 ||     8
         Dagger            |     2 |    17 |     2 ||    21
         Constrict         |     1 |     5 |     1 ||     7
         Punch             |       |     1 |       ||     1
   Cast: Foxfire           |     3 |     6 |     3 ||    12
         Inner Flame       |       |     4 |     1 ||     5
         Scorch            |       |     3 |     3 ||     6
         Flame Wave        |       |       |     2 ||     2
   Stab: Sleeping          |     2 |     5 |     1 ||     8
 Armour: Skin              |     3 |    10 |     6 ||    19
  Dodge: Dodged            |     5 |    20 |     4 ||    29

Table legend: (Time is in decaauts)
 A = Elapsed time spent in this place.
 B = Non-inter-level travel time spent in this place.
 C = Inter-level travel time spent in this place.
 D = Time resting spent in this place.
 E = Time spent auto-exploring this place.
 F = Levels seen in this place.
 G = Mean time per level.
                   A        B        C        D        E       F      G
               +--------+--------+--------+--------+--------+-----+--------+
         Total |    561 |    561 |      0 |    291 |      0 |   1 |  561.0 |
       Dungeon |    561 |    561 |      0 |    291 |      0 |   1 |  561.0 |
               +--------+--------+--------+--------+--------+-----+--------+

Top non-repeatable levels by time:
       D: 561 daAuts
